 Dungeon Crawl Stone Soup version 0.30.0-29-ga12c61a403 (webtiles) character file.

Game seed: 6881176771804944739

2076 hawla the Arsonist (level 9, -5/68 HPs)
             Began as a Meteoran Fire Elementalist on June 12, 2023.
             Was a Believer of Vehumet.
             Slain by an orc warrior
             ... wielding a +0 spear
              (6 damage)
             ... in a bailey.
             The game lasted 00:13:18 (2525 turns).

hawla the Arsonist (Meteoran Fire Elementalist)     Turns: 2525, Time: 00:13:19

Health: -5/68      AC:  4    Str: 10    XL:     9   Next: 80%
Magic:  1/21       EV: 14    Int: 21    God:    Vehumet [**....]
Gold:   110        SH:  0    Dex: 21    Spells: 16/23 levels left

rFire   . . .        c - +3 great mace (venom)
rCold   . . .        (shield currently unavailable)
rNeg    . . .        a - +1 robe
rPois   .            f - +0 helmet
rElec   .            (no cloak)
rCorr   .            (no gloves)
SInv    .            (no boots)
Will    +....        (no amulet)
Stlth   +            d - +6 ring of dexterity
HPRegen 0.31/turn    p - +4 ring of slaying
MPRegen 0.17/turn

%: no passive effects
@: very slightly contaminated, glowing
A: sense surroundings 2, otherworldly, glowing, explore regen
a: Renounce Religion


You were in a bailey.
You worshipped Vehumet.
Vehumet was pleased with you.
You visited 1 branch of the dungeon, and saw 7 of its levels.
You also visited: Bailey.

You collected 270 gold pieces.
You spent 160 gold pieces at shops.

Inventory:

Hand Weapons
 c - a +3 great mace of venom (weapon)
Armour
 a - a +1 robe (worn)
 f - a +0 helmet (worn)
Jewellery
 d - a +6 ring of dexterity (left hand)
 p - a +4 ring of slaying (right hand)
Wands
 e - a wand of paralysis (14)
 k - a wand of mindburst (10)
 l - a wand of polymorph (6)
 u - a wand of iceblast (6)
Scrolls
 n - a scroll of brand weapon
 r - 2 scrolls of identify


   Skills:
 + Level 2.3 Fighting
 + Level 5.3 Maces & Flails
 + Level 3.6 Dodging
 - Level 1.4 Stealth
 + Level 7.6 Spellcasting
 + Level 6.8 Conjurations
 + Level 8.0 Fire Magic
 + Level 3.0 Evocations


You had 16 spell levels left.
You knew the following spells:

 Your Spells              Type           Power      Damage    Failure   Level
a - Foxfire               Conj/Fire      100%       2x1d9     1%          1
b - Scorch                Fire           84%        2d8       1%          2
c - Flame Wave            Conj/Fire      39%        2d11      3%          4

Your spell library contained the following spells:

 Spells                   Type           Power      Damage    Failure   Level
 Freeze                   Ice            32%        1d5       9%          1
 Shock                    Conj/Air       88%        1d8       1%          1
 Inner Flame              Hex/Fire       25%        N/A       4%          3
 Volatile Blastmotes      Fire/Tloc      50%        2d14      4%          3
 Swiftness                Air            8%         N/A       24%         3
 Airstrike                Air            4%         2d(1-17)  63%         4


Dungeon Overview and Level Annotations

Branches:
Dungeon (7/15) Zot: 1951   Bailey (1/1) Zot: 280
 Temple: D:4-7

Altars:
Fedhas
Hepliaklqana
Kikubaaqudgha
Makhleb
Trog
Uskayaw
Vehumet
Xom
Zin

Shops:
D:4 ?   D:5 :(?(

Annotations:
D:7 Maggie


Innate Abilities, Weirdness & Mutations

You passively map the area around you.
You are easily found by Zot.
You glow in the dark.
You regain HP and MP as you explore.


Message History

Confirm with . or Enter, or press ? or * to list all spells.
You conjure some foxfire!
The foxfire hits the orc warrior but does no damage.
The orc warrior is moderately wounded.
The foxfire hits the orc warrior but does no damage.
The orc warrior is moderately wounded.
Casting: Foxfire (safe; 1% risk of failure)
Confirm with . or Enter, or press ? or * to list all spells.
You conjure some foxfire!
The foxfire hits the orc warrior but does no damage.
The orc warrior is moderately wounded.
The foxfire hits the orc warrior but does no damage.
The orc warrior is moderately wounded.
Found 3 scrolls of enchant armour.
The foxfire hits the orc warrior!
The orc warrior is heavily wounded.
The foxfire hits the orc warrior.
The orc warrior is severely wounded.
Casting: Foxfire (safe; 1% risk of failure)
Confirm with . or Enter, or press ? or * to list all spells.
You conjure some foxfire!
Casting: Foxfire (safe; 1% risk of failure)
Confirm with . or Enter, or press ? or * to list all spells.
Flames lash the orc warrior.
The orc warrior is lightly wounded.
The orc warrior's fire resistance burns away.
You hear a shout! x2
The foxfire hits the orc warrior but does no damage.
The orc warrior is severely wounded.
The foxfire hits the orc warrior!
The orc warrior is burned terribly!
The orc warrior is heavily wounded.
The orc warrior hits you from afar with a +0 halberd!
Casting: Scorch (safe; 1% risk of failure)
Confirm with . or Enter, or press ? or * to list all spells.
You miscast Foxfire.
You are very lightly contaminated with residual magic.
Nothing appears to happen.
The orc warrior hits you from afar with a +0 halberd!!
* * * LOW HITPOINT WARNING * * *
The orc warrior hits you from afar with a +0 spear.
You die...

, , ,~ ,~ ~~ #...)#####..
, ....○≈○°≈≈≈ #...##...)≈≈
~ .○.○..☼.≈≈ #...#.⌠.≈≈≈.
, , ....⌠.≈≈.≈
#...#..≈≈..≈ , .☼..○☼☼≈.
~#.))#.≈≈.≈≈≈ , ~
≈○≈°...≈≈ ~ #..##.≈.≈≈.. ~
~~≈○≈o☼)#####.☼#.≈≈)≈.≈≈ ~
~
~≈≈~≈≈≈☼☼)○..'..#.≈.≈≈.≈.
,,?~☼≈≈≈☼@.°..'○.#.≈...)≈.
~
~≈≈~≈○○○.○...'..#.≈.≈≈.≈.
~~
~~≈≈°..o#####☼.#.≈≈.≈.≈≈ ,
≈≈○○...≈≈ #..##.≈.≈≈.. ,
,..○☼.○○≈. #..⌠#.≈≈.≈≈≈ ~
⌠ ..☼°⌠○≈○.≈~ #...#..≈≈.)≈
, ,
.°.○○.≈○≈≈~~#...#.⌠)≈≈≈.
,, ..○○≈○≈.≈≈≈
#...##...)≈≈ , ,~ ~,,~ ~
#...)#####..


You could see 2 orc warriors.

Vanquished Creatures
  Sigmund (D:5)
  A water moccasin (D:6)
  7 orc warriors (Bailey)
  4 ogres (D:6)
  2 centaurs (Bailey)
  2 kobold brigands
  A scorpion (D:6)
  3 howler monkeys
  A jelly (D:6)
  A sleepcap (D:5)
  3 iguanas
  An orc wizard (D:5)
  4 adders
  4 gnolls (D:7)
  2 shadow imps (D:7)
  A worm (D:4)
  A dart slug (D:4)
  22 orcs
  A bat (D:2)
  5 endoplasms
  6 goblins
  4 hobgoblins
  2 jackals (D:5)
  12 kobolds
  A quokka (D:5)
  A frilled lizard (D:3)
93 creatures vanquished.

Vanquished Creatures (others)
  182 foxfires
182 creatures vanquished.

Grand Total: 275 creatures vanquished

Notes
Turn   | Place    | Note
-------+----------+-------------------------------------------
     0 | D:1      | hawla the Meteoran Fire Elementalist began the quest for
                  | the Orb.
     0 | D:1      | Reached XP level 1. HP: 14/14 MP: 5/5
   127 | D:3      | Noticed a howler monkey
   132 | D:3      | Killed a howler monkey
   133 | D:3      | Reached skill level 4 in Fire Magic
   133 | D:3      | Reached XP level 2. HP: 20/20 MP: 2/7
   133 | D:3      | Reached XP level 3. HP: 26/26 MP: 2/8
   133 | D:3      | Reached XP level 4. HP: 33/33 MP: 2/9
   136 | D:3      | Learned a level 2 spell: Scorch
   186 | D:3      | Found a blossoming altar of Fedhas.
   197 | D:3      | Reached skill level 5 in Fire Magic
   280 | D:3      | Reached skill level 1 in Maces & Flails
   361 | D:4      | Learned a level 4 spell: Flame Wave
   575 | D:4      | Found Pomotol's Magic Scroll Shoppe.
   585 | D:4      | Bought a scroll of identify for 26 gold pieces
   585 | D:4      | Bought a scroll of teleportation for 39 gold pieces
   700 | D:4      | Reached XP level 5. HP: 38/38 MP: 11/11
  1315 | D:5      | Entered Level 5 of the Dungeon
  1315 | D:5      | Found Aleas's Weapon Emporium.
  1319 | D:5      | Found Kiodokk's Magic Scroll Emporium.
  1319 | D:5      | Found Leluof's Antique Weapon Emporium.
  1326 | D:5      | Found Ycanwiv's Book Emporium.
  1338 | D:5      | Reached XP level 6. HP: 45/45 MP: 8/12
  1357 | D:5      | Bought a scroll of brand weapon for 95 gold pieces
  1420 | D:5      | Found an ancient bone altar of Kikubaaqudgha.
  1420 | D:5      | Found a bloodstained altar of Trog.
  1420 | D:5      | Found a radiant altar of Vehumet.
  1429 | D:5      | Became a worshipper of Vehumet
  1484 | D:5      | Found a hide-covered altar of Uskayaw.
  1487 | D:5      | Noticed a +0 hand axe
  1488 | D:5      | Noticed a +0 dagger
  1587 | D:5      | Reached skill level 5 in Conjurations
  1587 | D:5      | Reached skill level 1 in Evocations
  1597 | D:5      | Noticed Sigmund
  1602 | D:5      | Killed Sigmund
  1603 | D:5      | Reached XP level 7. HP: 51/51 MP: 3/13
  1610 | D:5      | Found a hazy altar of Hepliaklqana.
  1611 | D:5      | Found a shimmering altar of Xom.
  1612 | D:5      | Noticed a spectral ugly thing
  1716 | D:5      | Reached skill level 1 in Fighting
  1739 | D:6      | Found a burning altar of Makhleb.
  1777 | D:6      | Found a glowing silver altar of Zin.
  1837 | D:6      | Reached XP level 8. HP: 59/59 MP: 6/15
  1857 | D:6      | Reached skill level 6 in Fire Magic
  1858 | D:6      | Reached skill level 5 in Spellcasting
  2155 | D:7      | Reached * piety under Vehumet
  2155 | D:7      | Offered knowledge of Magic Dart by Vehumet.
  2161 | D:7      | Gained mutation: You passively map the area around you.
                  | [Meteoran growth]
  2161 | D:7      | Reached XP level 9. HP: 64/67 MP: 7/18
  2165 | D:7      | Noticed Maggie
  2194 | D:7      | Found a flagged portal.
  2208 | Bailey   | Entered a bailey
  2238 | Bailey   | Reached skill level 5 in Maces & Flails
  2238 | Bailey   | Reached skill level 7 in Fire Magic
  2375 | Bailey   | Offered knowledge of Freeze by Vehumet.
  2393 | Bailey   | Reached ** piety under Vehumet
  2516 | Bailey   | Reached skill level 8 in Fire Magic
  2525 | Bailey   | HP: 1/68 [orc warrior/+0 halberd (20)]
  2525 | Bailey   | Slain by an orc warrior

Illustrated notes

Levels and vault maps discovered:
D:1:      minmay_arrival_split_and_join, layout_basic
D:2:      layout_basic
D:3:      layout_loops_ring, nicolae_overflow_crystal_walls
D:4:      layout_loops_corners, serial_shops, shop, kennysheep_generic_room_6
D:5:      layout_loops_ring, regret_index_temple_of_mockery,
          dancing_weapons_uskayaw, gammafunk_temple_overflow_claw,
          minmay_shop_grid_forest, corexii_corridor_pit, roderic_lattice_a,
          uniq_sigmund
D:6:      minmay_recursive_quarters, layout_gridville,
          mainiacjoe_overflow_brackets, mainiacjoe_overflow_paths,
          makhleb_altar_promises_db
D:7:      layout_basic, nemelex_diamond_rough_becter, temple_fountains,
          enter_bailey_3, amcnicky_mini_rare_corridor_liquid, uniq_maggie
Bailey:   bailey_polearm_flooded_kennysheep, bailey

Skill      XL: |  1  2  3  4  5  6  7  8  9 |
---------------+----------------------------+-----
Spellcasting   | 3 4 5 7 |  7.6
Fire Magic     | 4 5 6 8 |  8.0
Maces & Flails | 1 2 3 4 5 |  5.3
Conjurations   | 2 4 5 6 |  6.8
Evocations     | 3 |  3.0
Dodging        | 3 |  3.6
Fighting       | 1 2 |  2.3
Stealth        | |  1.4

Action                     |  1- 3 |  4- 6 |  7- 9 || total
---------------------------+-------+-------+-------++-------
  Melee: Great mace        |    11 |    39 |    24 ||    74
   Cast: Foxfire           |     7 |    12 |    78 ||    97
         Scorch            |       |    15 |    39 ||    54
         Flame Wave        |       |       |     4 ||     4
  Evoke: Wand              |       |       |     1 ||     1
    Use: Scroll            |     2 |     1 |     9 ||    12
         Potion            |       |       |     4 ||     4
   Stab: Sleeping          |       |     2 |       ||     2
 Armour: Robe              |     8 |    11 |    13 ||    32
  Dodge: Dodged            |    11 |    23 |    48 ||    82
